 Dungeon Crawl Stone Soup version 0.21.1-1-g345015fe64 (webtiles) character file.

2453 Nattfarinn the Covert (level 9, 0/57 HPs)
             Began as a Vampire Enchanter on May 2, 2018.
             Was an Initiate of Kikubaaqudgha.
             Slain by a bullfrog (3 damage)
             ... on level 7 of the Dungeon.
             The game lasted 00:23:50 (10456 turns).

Nattfarinn the Covert (Vampire Enchanter)          Turns: 10456, Time: 00:23:51

Health: 0/57       AC:  2    Str:  7      XL:     9   Next: 25%
Magic:  1/20       EV: 13    Int: 17      God:    Kikubaaqudgha [......]
Gold:   426        SH:  0    Dex: 17 (18) Spells: 14/23 levels left

rFire    . . .     SeeInvis +   v - +9 short sword of the Wraith {distort, +Blink rPois rN+ Int-5}
rCold    + . .     Gourm    .   (no shield)
rNeg     + + +     Faith    .   b - +0 robe
rPois    +         Spirit   .   (no helmet)
rElec    .         Reflect  .   (no cloak)
rCorr    .         Harm     .   (no gloves)
MR       .....                  (no boots)
Stlth    ++++++....             (no amulet)
HPRegen  0.09/turn              (no ring)
MPRegen  0.17/turn              (no ring)

@: brilliant, regenerating slowly, hasted, very quick
A: fangs 3, see invisible, unbreathing
a: Bat Form, Renounce Religion, Evoke Blink


You were on level 7 of the Dungeon.
You worshipped Kikubaaqudgha.
Kikubaaqudgha was noncommittal.
You were near bloodless.

You visited 2 branches of the dungeon, and saw 8 of its levels.

You collected 426 gold pieces.

Inventory:

Hand Weapons
 a - a +1 dagger
 v - the +9 short sword of the Wraith (weapon) {distort, +Blink rPois rN+ Int-5}
   (You found it on level 4 of the Dungeon)

   It warps and distorts space around it.
   Unwielding it can cause banishment or high damage.
   It affects your intelligence (-5).
   It protects you from poison.
   It protects you from negative energy.
   It lets you blink.
Armour
 b - a +0 robe (worn)
Wands
 A - a wand of paralysis (12)
 C - a wand of polymorph (18)
 D - a wand of iceblast (7)
Scrolls
 e - 2 scrolls of identify
 g - a scroll of brand weapon {unknown}
 h - 4 scrolls of teleportation
 k - a scroll of amnesia
 l - a scroll of fog {unknown}
 m - a scroll of enchant weapon {unknown}
 p - 6 scrolls of remove curse
 t - 2 scrolls of fear {unknown}
 x - a scroll of immolation {unknown}
 y - a scroll of vulnerability {unknown}
Potions
 d - 3 potions of agility
 f - a potion of resistance {unknown}
 i - a potion of might {unknown}
 j - a potion of brilliance
 n - a potion of lignification {unknown}
 o - 2 potions of degeneration {unknown}
 q - a potion of blood
 r - a potion of magic {unknown}
 s - 2 potions of haste
 u - a potion of cancellation {unknown}
Books
 c - a book of Maledictions

   Spells                             Type                      Level
   a - Corona                         Hexes                        1
   b - Ensorcelled Hibernation        Hexes/Ice                    2
   c - Confuse                        Hexes                        3
   d - Tukima's Dance                 Hexes                        3
   e - Dazzling Spray                 Conjuration/Hexes            3
 w - a book of Changes

   Spells                             Type                      Level
   a - Beastly Appendage              Transmutation                1
   b - Sticks to Snakes               Transmutation                2
   c - Spider Form                    Transmutation/Poison         3
   d - Ice Form                       Ice/Transmutation            4
   e - Blade Hands                    Transmutation                5
 z - a book of Conjurations

   Spells                             Type                      Level
   a - Magic Dart                     Conjuration                  1
   b - Searing Ray                    Conjuration                  2
   c - Dazzling Spray                 Conjuration/Hexes            3
   d - Fulminant Prism                Conjuration/Hexes            4
   e - Force Lance                    Conjuration/Translocation    4
   f - Iskenderun's Mystic Blast      Conjuration                  4
 B - a Young Poisoner's Handbook

   Spells                             Type                      Level
   a - Sting                          Conjuration/Poison           1
   b - Poisonous Vapours              Poison/Air                   2
   c - Mephitic Cloud                 Conjuration/Poison/Air       3
   d - Olgreb's Toxic Radiance        Poison                       4
   e - Venom Bolt                     Conjuration/Poison           5


   Skills:
 - Level 1.1 Short Blades
 - Level 2.1 Dodging
 * Level 12.7 Stealth
 * Level 7.5 Spellcasting
 + Level 9.1 Hexes


You had 14 spell levels left.
You knew the following spells:

 Your Spells              Type           Power        Failure   Level  Hunger
a - Corona                Hex            #####..      1%          1    None
b - Ensorcelled Hibernat  Hex/Ice        ####..       1%          2    None
c - Confuse               Hex            #####...     1%          3    ##.....
d - Tukima's Dance        Hex            #####...     1%          3    ##.....


Dungeon Overview and Level Annotations

Branches:
Dungeon (7/15)             Temple (1/1) D:5

Altars:
Ashenzari
Cheibriados
Elyvilon
Fedhas
Gozag
Hepliaklqana
Kikubaaqudgha
Makhleb
Nemelex Xobeh
Okawaru
Qazlal
Ru
Trog
Uskayaw
Vehumet
Wu Jian
Xom
Yredelemnul
Zin
The Shining One

Shops:
D:4 =   D:6 :


Innate Abilities, Weirdness & Mutations

You heal slowly.
You have razor-sharp teeth.
You have supernaturally acute eyesight. (SInv)
You can survive without breathing.


Message History

* * * LOW HITPOINT WARNING * * *
The bullfrog hits you.
* * * LOW HITPOINT WARNING * * *
You barely miss the bullfrog. The bullfrog barely misses you.
Casting: Confuse
Confirm with . or Enter, or press ? or * to list all spells.
Aiming: Ensorcelled Hibernation
Press: ? - help, Shift-Dir - straight line, f - bullfrog
Aim: a bullfrog (chance to defeat MR: 46%)
The bullfrog resists with some effort.
The bullfrog hits you.
* * * LOW HITPOINT WARNING * * *
The bullfrog closely misses you.
It was a potion of brilliance.
You feel clever all of a sudden. The bullfrog closely misses you.
The bullfrog hits you.
* * * LOW HITPOINT WARNING * * *
It was a potion of haste.
You feel yourself speed up. The bullfrog hits you.
You die...
Kikubaaqudgha rasps: "You have failed me!
Welcome... oblivion!"

...........##.#
.....#..#####.##
....##..# #..#
... ...#
##n##########
##......#
#..........#
.......
####.......#
.......
##......# ...z.
######......#
......
#zF@.†%.....#
#.....#
###.###########
.......##††.#
..........###
....5...###
#........
.....#.#..
######. ... ##
##..


You could see a bullfrog and a wight.

Vanquished Creatures
  Grinder (D:6)
  A vampire (D:7)
  A water moccasin (D:5)
  2 phantoms
  Duvessa (D:3)
  A necrophage (D:7)
  An ogre (D:4)
  A bullfrog (D:6)
  Dowan (D:3)
  A scorpion (D:4)
  4 wights
  4 killer bees
  A howler monkey (D:4)
  2 crimson imps
  A quasit (D:6)
  3 bullfrog skeletons
  A centaur skeleton (D:3)
  5 hounds
  5 worker ants
  A hound skeleton (D:5)
  5 adders
  2 shadow imps
  4 oozes
  An adder skeleton (D:4)
  4 worms (D:2)
  4 dart slugs
  4 leopard geckos
  9 orcs
  9 bats
  A giant cockroach (D:5)
  6 goblins
  9 hobgoblins
  8 jackals
  8 kobolds
  2 quokkas (D:2)
  6 frilled lizards
  A quokka skeleton (D:4)
  6 rats
127 creatures vanquished.

Vanquished Creatures (collateral kills)
  Edmund (D:4)
  A wight (D:6)
  An orc (D:4)
3 creatures vanquished.

Vanquished Creatures (others)
  The ghost of Ivernyr the Ogre Mage, a novice OgWz of Sif Muna (D:5)
  A shadow imp (D:5)
  A plant (D:2)
3 creatures vanquished.

Grand Total: 133 creatures vanquished

Notes
Turn   | Place    | Note
-------+----------+-------------------------------------------
     0 | D:1      | Nattfarinn the Vampire Enchanter began the quest for the Orb.
     0 | D:1      | Reached XP level 1. HP: 13/13 MP: 3/3
   350 | D:1      | Reached XP level 2. HP: 18/19 MP: 5/5
   354 | D:1      | Learned a level 2 spell: Ensorcelled Hibernation
   381 | D:1      | Reached skill level 5 in Stealth
  1119 | D:2      | Reached XP level 3. HP: 24/24 MP: 6/6
  1538 | D:2      | Reached skill level 5 in Hexes
  1619 | D:2      | Reached skill level 6 in Stealth
  1619 | D:2      | Reached XP level 4. HP: 30/30 MP: 8/8
  2252 | D:3      | Found a basalt altar of Yredelemnul.
  2615 | D:2      | Learned a level 3 spell: Confuse
  2619 | D:2      | Learned a level 3 spell: Tukima's Dance
  3282 | D:3      | Reached XP level 5. HP: 35/35 MP: 10/10
  3813 | D:4      | Noticed Duvessa
  3814 | D:4      | Noticed Dowan
  5250 | D:3      | Killed Duvessa
  5250 | D:3      | Reached skill level 7 in Stealth
  5250 | D:3      | Reached XP level 6. HP: 41/41 MP: 3/12
  5377 | D:3      | Killed Dowan
  5420 | D:4      | Reached skill level 8 in Stealth
  5428 | D:4      | Found a snail-covered altar of Cheibriados.
  5493 | D:4      | Found Ciutom's Jewellery Shop.
  5602 | D:4      | Noticed Edmund
  5863 | D:4      | Killed Edmund
  5863 | D:4      | Reached XP level 7. HP: 34/46 MP: 7/13
  6114 | D:4      | Got an iridescent short sword
  6115 | D:4      | Identified the +9 short sword of the Wraith {distort, +Blink rPois rN+ Int-5} (You found it on level 4 of the Dungeon)
  6644 | D:5      | Entered Level 5 of the Dungeon
  6666 | D:5      | Reached skill level 9 in Stealth
  6676 | D:5      | Noticed Ivernyr's ghost (novice OgWz)
  6776 | D:5      | Reached skill level 5 in Spellcasting
  7207 | D:5      | Banished Ivernyr's ghost
  7207 | D:5      | Reached skill level 10 in Stealth
  7207 | D:5      | Reached XP level 8. HP: 52/52 MP: 8/16
  7230 | D:5      | Found a shattered altar of Ashenzari.
  7370 | D:5      | Found a staircase to the Ecumenical Temple.
  7988 | Temple   | Entered the Ecumenical Temple
  8048 | Temple   | Became a worshipper of Kikubaaqudgha
  8180 | D:6      | Reached skill level 11 in Stealth
  8225 | D:6      | Found a hazy altar of Hepliaklqana.
  8230 | D:6      | Found a blossoming altar of Fedhas.
  8230 | D:6      | Found a sacrificial altar of Ru.
  8263 | D:6      | Found Pohijiucha's Book Shoppe.
  8297 | D:6      | Noticed Grinder
  8311 | D:6      | HP: 1/52 [wight/mace of freezing (4)]
  8741 | D:6      | Killed Grinder
  9289 | D:6      | Reached skill level 12 in Stealth
  9367 | D:6      | Found a glowing silver altar of Zin.
  9379 | D:6      | Found a glowing golden altar of the Shining One.
  9528 | D:6      | Reached XP level 9. HP: 57/57 MP: 19/19
 10456 | D:7      | Slain by a bullfrog

Skill      XL: |  1  2  3  4  5  6  7  8  9 |
---------------+----------------------------+-----
Stealth        | 5 6 7 8 10 12 | 12.7
Hexes          | 5 6 7 8 9 |  9.1
Spellcasting   | 3 4 5 7 |  7.5
Short Blades   | |  1.1
Dodging        | |  2.1

Action                   |  1- 3 |  4- 6 |  7- 9 || total
-------------------------+-------+-------+-------++-------
Melee: Dagger            |    84 |   137 |    16 ||   237
       Bite              |     8 |     7 |    11 ||    26
       Short sword       |       |       |   120 ||   120
 Cast: Corona            |     5 |     4 |       ||     9
       Ensorcelled Hiber |     9 |    35 |     8 ||    52
       Confuse           |       |    15 |    28 ||    43
       Tukima's Dance    |       |     3 |    11 ||    14
  Use: Scroll            |       |     5 |     1 ||     6
       Potion            |       |     8 |     8 ||    16
 Stab: Sleeping          |    23 |    24 |    21 ||    68
       Confused          |       |     5 |     7 ||    12
  Eat: Corpse            |       |     1 |       ||     1
Armor: Robe              |     5 |    18 |    18 ||    41
Dodge: Dodged            |    36 |    94 |    85 ||   215
